AoeStats
← 2-ray

Arena

506496474Analyzed
4v4 RM · 19d ago on Sep 13, 2026· 42m 48s· 8 players
Game mode
Random Map
Map size
Large (8 player)
Population
200
Speed
Normal
Resources
Standard
Victory
Conquest
Starting age
Dark Age
Ending age
Imperial Age
RankedLock teamsTeams togetherTeam positionsShared explorationLock speedFull tech treeHidden civsTurbo modeCheats
Victory
Defeat
🇹🇷 Burmese · Türkiye
1560
+18
🇦🇷 Slavs · Argentina
1541
+19
🇨🇦 Mongols · Canada
1520
+20
🇩🇪 Franks · Germany
1469
+22
🇨🇿 Chinese · Czechia
1665
-22
🇨🇿 Poles · Czechia
1603
-20
🇨🇿 Gurjaras · Czechia
1585
-19
🇨🇿 Cumans · Czechia
1561
-18
Cinnamoroll
10:32 Feudal Age
12:11 Horse Collar
14:56 Castle Age
12:45 Double-Bit Axe
15:52 Loom
17:32 Bow Saw
23:36 Pikeman
24:19 Squires
24:15 Town Watch
25:40 Wheelbarrow
25:43 Gold Mining
27:42 Heavy Plow
31:18 Imperial Age
29:52 Gold Shaft Mining
29:07 Stone Mining
29:24 Stone Mining
30:24 Hand Cart
31:49 Scale Barding Armor
31:54 Forging
32:51 Conscription
32:56 Drill
33:15 Heavy Scorpion
34:59 Chemistry
33:31 Light Cavalry
34:22 Bloodlines
34:12 Husbandry
35:04 Chain Barding Armor
35:20 Iron Casting
43:12 Masonry
43:23 Ballistics
Itgetsdarker
9:52 Feudal Age
14:11 Castle Age
12:01 Horse Collar
15:00 Pikeman
19:51 Loom
31:07 Town Watch
32:10 Squires
37:17 Wheelbarrow
40:23 Imperial Age
38:54 Hand Cart
40:25 Gold Mining
41:29 Conscription
40:33 Halberdier
cakinho9 (el chambas)
10:23 Feudal Age
14:27 Castle Age
12:44 Double-Bit Axe
19:04 Wheelbarrow
19:30 Bow Saw
20:05 Horse Collar
20:23 Stone Mining
21:05 Hand Cart
22:05 Gold Mining
23:13 Heavy Plow
25:02 Gold Shaft Mining
24:14 Man-at-Arms
24:58 Scale Mail Armor
25:45 Forging
28:41 Imperial Age
26:09 Loom
27:09 Chain Mail Armor
27:33 Long Swordsman
28:14 Squires
28:52 Iron Casting
28:38 Detinets
29:55 Plate Mail Armor
28:47 Two-Handed Swordsman
29:38 Capped Ram
32:12 Two-Man Saw
32:14 Blast Furnace
31:42 Siege Ram
34:09 Conscription
34:44 Crop Rotation
34:06 Fletching
33:55 Pikeman
34:57 Town Watch
34:57 Halberdier
35:51 Scale Barding Armor
36:23 Hoardings
37:48 Druzhina
37:09 Elite Boyar
38:10 Chain Barding Armor
38:24 Bodkin Arrow
38:46 Bloodlines
40:21 Plate Barding Armor
40:27 Husbandry
42:56 Bodkin Arrow
42:24 Light Cavalry
2-ray
10:53 Feudal Age
11:47 Double-Bit Axe
14:31 Castle Age
15:34 Bow Saw
18:06 Wheelbarrow
21:03 Gold Mining
21:55 Scale Barding Armor
22:38 Husbandry
24:17 Devotion
24:13 Light Cavalry
29:42 Imperial Age
27:19 Loom
29:14 Chain Barding Armor
29:05 Forging
29:00 Stone Mining
29:48 Gold Shaft Mining
30:04 Hand Cart
29:52 Cavalier
31:31 Paladin
34:10 Plate Barding Armor
35:27 Iron Casting
35:43 Fletching
36:25 Conscription
37:44 Blast Furnace
37:56 Chemistry
38:12 Scale Mail Armor
38:45 Bodkin Arrow
41:30 Chivalry
41:40 Chivalry
Voskarius
10:43 Feudal Age
14:34 Castle Age
12:45 Double-Bit Axe
13:02 Horse Collar
14:59 Bloodlines
15:14 Scale Barding Armor
23:37 Chain Barding Armor
28:55 Forging
29:49 Wheelbarrow
29:51 Gold Mining
29:47 Town Watch
32:44 Imperial Age
30:30 Szlachta Privileges
31:13 Iron Casting
31:41 Bow Saw
31:34 Husbandry
32:42 Hand Cart
32:13 Loom
33:08 Cavalier
35:01 Blast Furnace
35:30 Conscription
35:42 Scale Mail Armor
36:08 Squires
35:50 Elite Obuch
38:05 Chain Mail Armor
39:29 Plate Mail Armor
40:00 Siege Engineers
Turbox
9:38 Feudal Age
11:43 Loom
14:22 Castle Age
12:48 Double-Bit Axe
14:11 Gold Mining
15:44 Bow Saw
15:31 Horse Collar
17:49 Redemption
24:05 Sanctity
27:11 Bow Saw
28:48 Heavy Plow
32:07 Stone Mining
32:56 Gold Shaft Mining
35:00 Imperial Age
33:47 Wheelbarrow
32:57 Town Watch
34:17 Fletching
34:27 Padded Archer Armor
35:56 Hand Cart
35:34 Elite Elephant Archer
36:33 Bodkin Arrow
36:58 Leather Archer Armor
38:17 Thumb Ring
38:14 Bracer
39:21 Fortified Wall
Bedrich
5:15 Loom
8:58 Feudal Age
10:06 Double-Bit Axe
10:04 Horse Collar
16:56 Wheelbarrow
20:58 Castle Age
20:37 Gold Mining
21:50 Bloodlines
21:47 Scale Barding Armor
21:53 Forging
23:18 Chain Barding Armor
23:17 Bow Saw
24:57 Iron Casting
26:11 Hand Cart
27:52 Town Watch
31:24 Imperial Age
30:46 Steppe Husbandry
30:33 Light Cavalry
31:56 Town Patrol
31:31 Cavalier
32:48 Plate Barding Armor
33:14 Blast Furnace
32:23 Hussar
33:32 Paladin
alesh
0:26 Loom
10:41 Feudal Age
11:56 Double-Bit Axe
14:23 Castle Age
12:51 Horse Collar
16:09 Bow Saw
24:10 Wheelbarrow
23:54 Gold Mining
24:24 Heavy Plow
30:26 Imperial Age
27:50 Fletching
28:58 Bodkin Arrow
29:04 Padded Archer Armor
29:26 Ballistics
29:17 Masonry
29:36 Hand Cart
30:15 Gold Shaft Mining
29:39 Stone Mining
30:35 Leather Archer Armor
30:43 Town Watch
31:02 Scale Mail Armor
31:12 Forging
31:13 Bracer
32:14 Chemistry
31:39 Conscription
31:57 Architecture
32:19 Fortified Wall
32:40 Architecture
35:20 Great Wall
38:18 Pikeman
38:59 Squires
39:00 Scale Mail Armor
39:11 Forging
Connection lost

Rejoining the realm…

Still unreachable

The connection could not be restored.

Session expired

The server has moved on; the page needs a fresh start.